 Dungeon Crawl Stone Soup version 0.18.1-6-gd335043 (webtiles) character file.

337 Vaeri the Caller (level 6, -11/33 HPs)
             Began as a Deep Elf Summoner on May 18, 2016.
             Was an Initiate of Dithmenos.
             Shot with an arrow by a centaur (16 damage)
             ... on level 5 of the Dungeon.
             The game lasted 00:49:41 (5803 turns).

Vaeri the Caller (Deep Elf Summoner)                Turns: 5803, Time: 00:49:42

Health: -11/33     AC:  4    Str:  5    XL:     6   Next: 28%
Magic:  12/16      EV: 15    Int: 22    God:    Dithmenos [......]
Gold:   284        SH:  5    Dex: 15    Spells: 2 memorised, 11 levels left

rFire  + . .     SeeInvis .     z - +5 short sword
rCold  . . .     Gourm    .     s - +1 leather armour {rF+}
rNeg   . . .     Faith    .     S - +1 buckler
rPois  .         Spirit   .     (no helmet)
rElec  .         Dismiss  .     (no cloak)
rCorr  .         Reflect  .     (no gloves)
SustAt .         Harm     .     (no boots)
MR     .....                    (no amulet)
Stlth  ++........               (no ring)
                                I - +4 ring of evasion

@: very slightly contaminated, not resistant to hostile enchantments, unstealthy
A: no striking features
a: Renounce Religion


You were on level 5 of the Dungeon.
You worshipped Dithmenos.
Dithmenos was noncommittal.
You were not hungry.

You visited 1 branch of the dungeon, and saw 5 of its levels.

You collected 284 gold pieces.

Inventory:

Hand Weapons
 a - a +0 hunting sling
 i - a +1 dagger of protection
 n - a +0 giant club
 y - a +0 spear
 z - a +5 short sword (weapon)
 A - a +0 falchion
 E - a +0 hand axe
 J - a +0 trident
 O - a +0 short sword
 W - a +0 flail
Missiles
 e - 73 stones
 g - 6 curare-tipped needles
 m - 34 arrows
 t - 2 javelins
 C - a throwing net
 D - 6 javelins of penetration
 Q - 24 sling bullets
 U - 23 tomahawks (quivered)
Armour
 k - a +0 chain mail
 s - a +1 leather armour of fire resistance (worn)
 v - a +0 ring mail
 B - a +0 plate armour
 K - a +0 chain mail
 M - a +0 robe
 N - a +0 scale mail
 S - a +1 buckler (worn)
 V - a +0 ring mail
 Z - a +0 leather armour
Jewellery
 q - an uncursed ring of flight {unknown}
 I - a +4 ring of evasion (left hand)
Wands
 d - a wand of iceblast (1/15)
Scrolls
 f - a scroll of recharging
 o - 6 scrolls of identify
 r - 2 scrolls of remove curse
 u - 2 scrolls of fear
 x - a scroll of enchant armour
 R - 2 scrolls of teleportation
Potions
 l - 2 potions of flight
 F - a potion of might {unknown}
 H - a potion of heal wounds {unknown}
 P - a potion of curing
 T - 2 potions of degeneration {unknown}
 X - a potion of lignification
Books
 b - a book of Callings

   Spells                             Type                      Level
   a - Summon Small Mammal            Summoning                    1
   b - Call Imp                       Summoning                    2
   c - Call Canine Familiar           Summoning                    3
   d - Summon Guardian Golem          Hexes/Summoning              3
   e - Summon Lightning Spire         Summoning/Air                4
   f - Summon Ice Beast               Ice/Summoning                4
Comestibles
 c - 2 bread rations
 h - 2 meat rations
 j - a chunk of flesh
 p - a fruit
 w - 2 beef jerkies


   Skills:
 + Level 0.4 Fighting
 + Level 0.8 Short Blades
 + Level 1.0 Armour
 + Level 3.1 Dodging
 + Level 2.8 Stealth
 + Level 0.5 Shields
 + Level 5.6 Spellcasting
 + Level 0.6 Hexes
 + Level 6.3 Summonings


You had 11 spell levels left.
You knew the following spells:

 Your Spells              Type           Power        Failure   Level  Hunger
b - Call Imp              Summ           ####....     2%          2    None
c - Summon Guardian Gole  Hex/Summ       ###.....     21%         3    ##.....


Dungeon Overview and Level Annotations

Branches:
Dungeon (5/15)
 Temple: D:4-7

Altars:
Dithmenos
Fedhas
Nemelex Xobeh


Message History

The howler monkey hits your crimson imp.
The howler monkey completely misses your crimson imp.
Your crimson imp blinks!
The centaur shoots an arrow.
You block the arrow.
Your shadow imp hits the howler monkey.
You see here an arrow.
Your shadow imp hits the howler monkey.
Casting: Call Imp
Confirm with . or Enter, or press ? or * to list all spells.
You miscast Summon Guardian Golem.
You are very lightly contaminated with residual magic.
Shadowy shapes form in the air around you, then vanish.
The centaur shoots an arrow.
The arrow hits you!
* * * LOW HITPOINT WARNING * * *
The howler monkey completely misses you.
The howler monkey bites you.
* * * LOW HITPOINT WARNING * * *
You see here an arrow.
The centaur shoots an arrow.
The arrow hits you!
You die...

......._........# #........
......P.P.......# #........
................# #........
......c.........####........
.......$........##..........
........(55.....##...##.....
.........(h.....##...##.....
........5.(....###...##.....
...........@.........##.....
###..................##.....
#.........................
#..........#..............
###........#..............
#........#.[............
#........#..............
#........##########.....
#.....


You could see a centaur, a howler monkey, 2 friendly crimson imps and a friendly
shadow imp.

Vanquished Creatures
  An orc wizard (D:3)
  A dart slug (D:3)
  A giant gecko (D:3)
  8 orcs
  A giant cockroach (D:3)
  4 hobgoblins
  2 jackals (D:3)
  A quokka (D:4)
  4 bats
  A giant newt (D:2)
  4 rats
28 creatures vanquished.

Vanquished Creatures (collateral kills)
  2 ogres (D:4)
  A jelly (D:3)
  A scorpion (D:4)
  2 worker ants (D:4)
  An orc wizard (D:4)
  4 adders
  An adder skeleton (D:4)
  A worm (D:3)
  17 orcs
  A bat (D:1)
  4 giant cockroaches
  5 goblins
  5 hobgoblins
  2 jackals (D:3)
  7 kobolds
  2 quokkas
  A ball python (D:3)
  4 giant newts
  2 rats (D:3)
63 creatures vanquished.

Grand Total: 91 creatures vanquished

Notes
Turn   | Place    | Note
--------------------------------------------------------------
     0 | D:1      | Vaeri the Deep Elf Summoner began the quest for the Orb.
     0 | D:1      | Reached XP level 1. HP: 10/10 MP: 6/6
   567 | D:1      | Reached XP level 2. HP: 14/15 MP: 8/8
   579 | D:1      | Learned a level 2 spell: Call Imp
  1270 | D:2      | Found a sparkling altar of Nemelex Xobeh.
  1833 | D:2      | Reached skill level 5 in Summonings
  2754 | D:3      | Reached XP level 3. HP: 19/19 MP: 1/10
  3132 | D:3      | Reached XP level 4. HP: 23/24 MP: 3/12
  3534 | D:3      | Learned a level 3 spell: Summon Guardian Golem
  4202 | D:3      | Reached XP level 5. HP: 24/28 MP: 14/14
  4475 | D:4      | Noticed an ogre
  4500 | D:4      | Killed an ogre
  4500 | D:4      | Reached skill level 5 in Spellcasting
  4585 | D:4      | Found a shadowy altar of Dithmenos.
  4615 | D:4      | Became a worshipper of Dithmenos the Shadowed
  4650 | D:4      | Noticed an ogre
  4662 | D:4      | Killed an ogre
  4662 | D:4      | Reached skill level 6 in Summonings
  4931 | D:4      | Reached XP level 6. HP: 32/32 MP: 10/16
  5306 | D:4      | Reached skill level 1 in Armour
  5678 | D:5      | Entered Level 5 of the Dungeon
  5791 | D:5      | Found a blossoming altar of Fedhas.
  5803 | D:5      | Shot with an arrow by a centaur

Skill      XL: |  1  2  3  4  5  6 |
---------------+-------------------+-----
Summonings     | 5 6 |  6.3
Spellcasting   | 4 5 |  5.6
Dodging        | 3 |  3.1
Armour         | 1 |  1.0
Fighting       | |  0.4
Short Blades   | |  0.8
Stealth        | |  2.8
Shields        | |  0.5
Hexes          | |  0.6

Action                   |  1- 3 |  4- 6 || total
-------------------------+-------+-------++-------
Melee: Club              |    10 |       ||    10
       Dagger            |     6 |       ||     6
       Short sword       |    37 |    53 ||    90
Throw: Stone             |     8 |     1 ||     9
       Tomahawk          |       |     2 ||     2
 Cast: Summon Small Mamm |    25 |       ||    25
       Call Imp          |    41 |    71 ||   112
       Summon Guardian G |       |     8 ||     8
  Use: Scroll            |     2 |     7 ||     9
       Potion            |     3 |     4 ||     7
 Stab: Sleeping          |     1 |       ||     1
       Distracted        |     1 |     1 ||     2
  Eat: Chunk             |     7 |     6 ||    13
       Pizza             |     1 |       ||     1
       Fruit             |       |     1 ||     1
       Bread ration      |       |     1 ||     1
Armor: Robe              |     5 |       ||     5
       Leather armour    |    13 |    14 ||    27
       Plate armour      |     1 |       ||     1
Dodge: Dodged            |    54 |    43 ||    97
Block: Buckler           |     1 |    12 ||    13
